 Dungeon Crawl Stone Soup version 0.27.0-1-g7a089689b8 (webtiles) character file.

Game seed: 3106206713502051751

3 SnakkuSnakku7 the Skirmisher (level 1, -1/16 HPs)
             Began as a Vine Stalker Berserker on Aug 11, 2021.
             Was a Follower of Trog.
             Slain by a worm (9 damage)
             ... on level 2 of the Dungeon.
             The game lasted 00:00:11 (76 turns).

SnakkuSnakku7 the Skirmisher (Vine Stalker Berserker) Turns: 76, Time: 00:00:12

Health: -1/16      AC:  2    Str: 19    XL:     1   Next: 50%
Magic:  0/2        EV: 12    Int:  7    God:    Trog [*.....]
Gold:   0          SH:  0    Dex: 13    Spells: 0/0 levels left

rFire    . . .     SeeInvis .   a - +0 hand axe
rCold    . . .     Faith    .   (no shield)
rNeg     . . .     Spirit   +   b - +0 animal skin
rPois    .         Reflect  .   (no helmet)
rElec    .         Harm     .   (no cloak)
rCorr    .         Rampage  .   (no gloves)
Will     .....                  (no boots)
Stlth    ..........             (no amulet)
HPRegen  0.05/turn              (no ring)
MPRegen  0.08/turn              (no ring)

@: berserking (expiring), very quick
A: fangs 2, magic shield, antimagic bite, no potion heal 2
a: Renounce Religion, Berserk


You were on level 2 of the Dungeon.
You worshipped Trog.
Trog was aware of your devotion.
You visited 1 branch of the dungeon, and saw 2 of its levels.

Inventory:

Hand Weapons
 a - a +0 hand axe (weapon)
Armour
 b - a +0 animal skin (worn)
Scrolls
 c - a scroll of vulnerability {unknown}


   Skills:
 + Level 2.8 Fighting
 + Level 2.8 Axes
 - Level 1.5 Armour
 - Level 1.5 Dodging


You couldn't memorise any spells.
You didn't know any spells.
Your spell library was empty.

Dungeon Overview and Level Annotations

Branches:
Dungeon (1/15)

Altars:


Innate Abilities, Weirdness & Mutations

You have extremely sharp teeth.
When hurt, damage is shared between your health and your magic reserves.
Your bite disrupts and absorbs the magic of your enemies.
Potions cannot restore your health.


Message History

The goblin shouts!
A goblin comes into view. It is wielding a +0 dagger.
The goblin shouts!
A ball python comes into view.
The ball python hisses angrily.
Found four items.
A worm comes into view.
A rat comes into view.
You miss the frilled lizard. Your bite misses the frilled lizard.
The frilled lizard closely misses you. The frilled lizard bites you.
The goblin hits you with a +0 dagger.
A red film seems to cover your vision as you go berserk!
You feel yourself moving faster!
You feel mighty! The frilled lizard barely misses you.
The goblin hits you with a +0 dagger.
Unknown command.
You slash the ball python!
You kill the ball python!
Trog accepts your kill.
You closely miss the frilled lizard. You closely miss the goblin.
The rat twitches its whiskers.
The frilled lizard bites you.
You are too injured to fight recklessly!
Unknown command.
You hit the goblin. You bite the goblin.
You kill the goblin!
Trog accepts your kill.
You slash the frilled lizard!
You kill the frilled lizard!
Trog accepts your kill.
Unknown command.
You slash the worm! You bite the worm! You drain its power.
The worm is almost dead.
You barely miss the rat.
Unknown command.
You hit the worm. Your bite misses the worm.
The worm is almost dead.
You closely miss the rat. You closely miss the goblin.
The rat closely misses you. The goblin closely misses you. The worm bites you!
Ouch! That really hurt!
You die...

#. ... . ##### ....
... ##...####..#
.g...#...†..(..#...
.........g@........
.........rw†....#.#
............#.#.#
?......)......# #
..###......#..?. .
..............
###............
#........#.##.


You could see a worm, a goblin and a rat.

Vanquished Creatures
  A ball python (D:2)
  A goblin (D:2)
  A frilled lizard (D:2)
3 creatures vanquished.

Notes
Turn   | Place    | Note
-------+----------+-------------------------------------------
     0 | D:1      | SnakkuSnakku7 the Vine Stalker Berserker began the quest
                  | for the Orb.
     0 | D:1      | Reached XP level 1. HP: 11/11 MP: 2/2
    65 | D:1      | You fall into a shaft and drop 1 floor!
    76 | D:2      | Slain by a worm

Illustrated notes

Levels and vault maps discovered:
D:1:      tarquinn_simple_flora_water_d, layout_basic
D:2:      cheibrodos_pilgrimage, layout_rooms, serial_shops, shop, minivault_26

Action                   || total
-------------------------++-------
Melee: Hand axe          ||     5
       Bite              ||     2
Invok: Berserk           ||     1
Dodge: Dodged            ||     4
